2587 views
Uploaded 2021-08-18 11:01:51
Game version 1.32.10
20:18 long 1on1 ladder game on (2)TerenasStand_LV
Saved by aom
2587 views
Uploaded 2021-08-18 11:01:51
Game version 1.32.10
20:18 long 1on1 ladder game on (2)TerenasStand_LV

39 units @ 5.4k
/ 0.7k
14 buildings @ 2.1k
/ 0.9k



| Healing Salve | 5 | 500 |
| Lesser Clarity Potion | 2 | 140 |
| Scroll of Speed | 1 | 50 |
| Tiny Great Hall | 1 | 600 |
| Scroll of Town Portal | 1 | 350 |
| total: | 10 | 1640g |
| Peon | 13 | 975 | / | 0 |
| Grunt | 2 | 400 | / | 0 |
| Troll Headhunter | 8 | 1120 | / | 160 |
| Troll Witch Doctor | 3 | 435 | / | 75 |
| Troll Berserker | 5 | 700 | / | 100 |
| Spirit Walker | 1 | 195 | / | 35 |
| Tauren | 2 | 560 | / | 160 |
| Shaman | 2 | 260 | / | 40 |
| Goblin Shredder | 1 | 375 | / | 100 |
| Forest Troll Shadow Priest | 2 | 390 | / | 20 |
| total: | 39 | 5410g | / | 690w |
| Watch Tower | 2 | 220 | / | 160 |
| Altar of Storms | 1 | 180 | / | 50 |
| Orc Burrow | 4 | 640 | / | 160 |
| Barracks | 1 | 180 | / | 50 |
| War Mill | 1 | 205 | / | 0 |
| Voodoo Lounge | 2 | 260 | / | 60 |
| Spirit Lodge | 2 | 300 | / | 300 |
| Tauren Totem | 1 | 135 | / | 155 |
| Stronghold | 1 | 315 | / | 190 |
| Fortress | 1 | 325 | / | 190 |
| total: | 14 | 2120g | / | 935w |
| 0:01 | Peon |
| 0:01 | Peon |
| 0:05 | Altar of Storms |
| 0:12 | Orc Burrow |
| 0:17 | Peon |
| 0:28 | Barracks |
| 0:36 | Peon |
| 1:00 | War Mill |
| 1:30 | Grunt |
| 1:53 | Voodoo Lounge |
| 2:01 | Grunt |
| 2:10 | Feral Spirit |
| 2:19 | Forest Troll Shadow Priest |
| 2:36 | Orc Burrow |
| 3:11 | Chain Lighting |
| 3:25 | Healing Salve |
| 3:25 | Lesser Clarity Potion |
| 3:33 | Healing Salve |
| 3:40 | Troll Headhunter |
| 3:40 | Troll Headhunter |
| 3:42 | Peon |
| 4:00 | Forest Troll Shadow Priest |
| 4:17 | Peon |
| 4:25 | Troll Headhunter |
| 4:59 | Stronghold |
| 5:45 | Orc Burrow |
| 5:53 | Feral Spirit |
| 6:17 | Orc Burrow |
| 6:18 | Steel Armor |
| 6:55 | Troll Headhunter |
| 6:55 | Troll Headhunter |
| 7:18 | Healing Salve |
| 7:44 | Goblin Shredder |
| 7:52 | Chain Lighting |
| 8:01 | Steel Ranged Weapons |
| 8:16 | Troll Headhunter |
| 8:28 | Endurance Aura |
| 8:40 | Healing Salve |
| 8:40 | Lesser Clarity Potion |
| 8:42 | Scroll of Speed |
| 8:42 | Healing Salve |
| 8:52 | Troll Headhunter |
| 9:00 | Troll Headhunter |
| 9:28 | Fortress |
| 10:03 | Scroll of Town Portal |
| 10:30 | War Stomp |
| 11:56 | Berserker Upgrade |
| 12:04 | Spirit Lodge |
| 12:08 | Spirit Lodge |
| 12:22 | Troll Regeneration |
| 12:35 | Voodoo Lounge |
| 12:42 | Watch Tower |
| 13:03 | Tauren Totem |
| 13:09 | Peon |
| 13:09 | Peon |
| 13:32 | Hex |
| 13:42 | Endurance Aura |
| 13:58 | Tiny Great Hall |
| 14:03 | Witch Doctor Adept Training |
| 14:05 | Troll Witch Doctor |
| 14:11 | Troll Berserker |
| 14:20 | Watch Tower |
| 14:39 | Spirit Walker |
| 14:39 | Spirit Walker Adept Training |
| 14:57 | Troll Berserker |
| 14:59 | Troll Witch Doctor |
| 15:02 | Peon |
| 15:21 | Witch Doctor Master Training |
| 15:22 | Troll Witch Doctor |
| 15:41 | Feral Spirit |
| 16:44 | Tauren |
| 16:45 | Troll Berserker |
| 16:48 | Shaman |
| 16:49 | Shaman Adept Training |
| 16:56 | Healing Wave |
| 17:55 | Peon |
| 17:55 | Peon |
| 18:03 | Troll Berserker |
| 18:05 | Shaman Master Training |
| 18:06 | Shaman |
| 18:09 | Troll Berserker |
| 18:10 | Tauren |
| 18:23 | Earth Quake |
| 18:30 | Peon |
| 18:30 | Peon |
| Right click | 923 |
| Select | 439 |
| Select group | 141 |
| Misc. action | 115 |
| Build/train/purchase | 106 |
| Chat | 94 |
| Use ability | 55 |
| Assign group | 30 |
| Item give/drop | 8 |
| Remove unit | 1 |
26 units @ 4.2k
/ 0.6k
16 buildings @ 2.5k
/ 1.2k


| Rod of Necromancy | 3 | 450 |
| Potion of Healing | 2 | 300 |
| Ritual Dagger | 1 | 125 |
| Orb of Corruption | 1 | 375 |
| Scroll of Healing | 1 | 250 |
| Scroll of Town Portal | 2 | 700 |
| Circlet of Nobility | 3 | 525 |
| total: | 13 | 2725g |
| Acolyte | 6 | 450 | / | 0 |
| Ghoul | 7 | 840 | / | 0 |
| Crypt Fiend | 4 | 860 | / | 160 |
| Necromancer | 4 | 580 | / | 80 |
| Abomination | 2 | 480 | / | 140 |
| Frost Wyrm | 1 | 385 | / | 120 |
| Obsidian Statue | 1 | 200 | / | 35 |
| Goblin Shredder | 1 | 375 | / | 100 |
| total: | 26 | 4170g | / | 635w |
| Nerubian Tower | 2 | 200 | / | 40 |
| Spirit Tower | 1 | 145 | / | 40 |
| Altar of Darkness | 1 | 180 | / | 50 |
| Ziggurat | 6 | 900 | / | 300 |
| Graveyard | 1 | 215 | / | 0 |
| Crypt | 1 | 200 | / | 50 |
| Tomb of Relics | 1 | 130 | / | 30 |
| Necropolis | 1 | 225 | / | 0 |
| Slaughterhouse | 2 | 280 | / | 270 |
| Temple of the Damned | 1 | 155 | / | 140 |
| Sacrificial Pit | 1 | 75 | / | 150 |
| Boneyard | 1 | 175 | / | 200 |
| Halls of the Dead | 1 | 320 | / | 210 |
| Black Citadel | 1 | 325 | / | 230 |
| total: | 16 | 2535g | / | 1190w |
| 0:03 | Acolyte |
| 0:04 | Altar of Darkness |
| 0:05 | Ziggurat |
| 0:07 | Acolyte |
| 0:33 | Graveyard |
| 0:55 | Crypt |
| 1:09 | Tomb of Relics |
| 1:57 | Ghoul |
| 1:57 | Ghoul |
| 2:08 | Carrion Beetles |
| 2:13 | Rod of Necromancy |
| 2:32 | Ghoul |
| 3:01 | Ghoul |
| 3:01 | Ghoul |
| 3:17 | Circlet of Nobility |
| 3:41 | Cannibalize |
| 3:55 | Impale |
| 3:59 | Halls of the Dead |
| 4:28 | Ziggurat |
| 4:29 | Ziggurat |
| 4:39 | Unholy Strength |
| 5:21 | Carrion Beetles |
| 5:31 | Nerubian Tower |
| 5:35 | Crypt Fiend |
| 5:59 | Rod of Necromancy |
| 6:08 | Crypt Fiend |
| 6:11 | Creature Attack |
| 6:55 | Goblin Shredder |
| 7:08 | Ghoul |
| 7:09 | Ghoul |
| 7:14 | Ziggurat |
| 7:21 | Rod of Necromancy |
| 7:23 | Death Coil |
| 8:45 | Black Citadel |
| 8:49 | Unholy Armor |
| 9:28 | Impale |
| 9:36 | Slaughterhouse |
| 9:37 | Slaughterhouse |
| 9:49 | Temple of the Damned |
| 10:09 | Necropolis |
| 10:19 | Potion of Healing |
| 10:23 | Crypt Fiend |
| 10:36 | Circlet of Nobility |
| 10:37 | Scroll of Healing |
| 10:54 | Necromancer Adept Training |
| 10:55 | Skeletal Mastery |
| 11:13 | Unholy Aura |
| 11:30 | Unholy Aura |
| 12:02 | Acolyte |
| 12:02 | Acolyte |
| 12:02 | Acolyte |
| 12:02 | Acolyte |
| 12:06 | Necromancer Master Training |
| 12:07 | Necromancer |
| 12:21 | Destroyer Form |
| 12:31 | Ziggurat |
| 13:02 | Circlet of Nobility |
| 13:32 | Scroll of Town Portal |
| 13:39 | Scroll of Town Portal |
| 13:59 | Crypt Fiend |
| 14:00 | Ghoul Frenzy |
| 14:01 | Burrow |
| 14:08 | Nerubian Tower |
| 14:16 | Ritual Dagger |
| 14:36 | Disease Cloud |
| 14:37 | Abomination |
| 14:58 | Necromancer |
| 15:10 | Orb of Corruption |
| 15:14 | Potion of Healing |
| 15:33 | Sacrificial Pit |
| 15:34 | Boneyard |
| 15:40 | Ziggurat |
| 16:13 | Death Coil |
| 16:51 | Carrion Beetles |
| 16:59 | Frost Wyrm |
| 17:02 | Spirit Tower |
| 17:04 | Abomination |
| 17:06 | Obsidian Statue |
| 17:08 | Necromancer |
| 17:08 | Necromancer |
| 18:59 | Locust Swarm |
| Select group | 1289 |
| Right click | 771 |
| Select | 605 |
| Misc. action | 103 |
| Build/train/purchase | 102 |
| Assign group | 56 |
| Use ability | 30 |
| Chat | 22 |
| Item give/drop | 7 |
| Remove unit | 3 |